Cogmind - Beta 11.1 @@@ ROGUE MODE // 2022.09.17 @ 12:04:45 Player: Beazlebub Result: Destroyed by as-03185 with Assembled Rifle Performance ------------- Evolutions (0) 0 Regions Visited (2) 400 Robots Destroyed (9) 45 Value Destroyed (247) 247 Prototype IDs (0) 0 Alien Tech Used (0) 0 Bonus (0) 0 TOTAL SCORE: 692 Bonus ------- None Cogmind --------- Core Integrity 0/250 Matter 269/300 Energy 99/100 System Corruption 3% Temperature Cool (0) Movement Core (350) Ox6 Location -10/Mines Parts ------- > --- POWER (1) -------- (None) > --- PROPULSION (2) --- (None) > --- UTILITY (2) ------ Improved Heat Sink Large Storage Unit > --- WEAPON (2) ------- (None) > --- INVENTORY (15) --- Light Ion Engine Light Ion Engine Aluminum Leg Aluminum Leg Wheel Wheel Heat Sink Large Storage Unit EM Pulse Gun Particle Cannon Autogun Maul Peak State ------------ > --- POWER ------------ Light Nuclear Core > --- PROPULSION ------- Aluminum Leg Aluminum Leg > --- UTILITY ---------- Improved Heat Sink Large Storage Unit > --- WEAPON ----------- Particle Cannon Autogun > --- INVENTORY -------- Light Ion Engine Light Ion Engine Aluminum Leg Aluminum Leg Wheel Wheel Heat Sink Large Storage Unit EM Pulse Gun Particle Cannon Autogun Maul [Rating: 14] Favorites ----------- Power Light Ion Engine Engine Light Ion Engine Power Core Light Nuclear Core Propulsion Aluminum Leg Leg Aluminum Leg Utility Heat Sink Device Heat Sink Storage Large Storage Unit Weapon Autogun Energy Gun Medium Laser Energy Cannon Particle Cannon Ballistic Gun Autogun Impact Weapon Maul Build | -11 -10 -10 ------- Run | Scr Mat Min Slots Evolved . | . . . Power . | . . . Propulsion . | . . . Utility . | . . . Weapon . | . . . Parts Attached 22 | 6 12 4 Power 3 | 1 1 1 Engine 2 | 1 1 . Core 1 | . . 1 Reactor . | . . . Propulsion 5 | 2 2 1 Treads . | . . . Leg 5 | 2 2 1 Wheel . | . . . Hover . | . . . Flight . | . . . Utility 5 | . 3 2 Device 3 | . 1 2 Storage 2 | . 2 . Processor . | . . . Hackware . | . . . Protection . | . . . Artifact . | . . . Weapon 9 | 3 6 . Energy Gun 2 | 2 . . Energy Cannon 2 | . 2 . Ballistic Gun 4 | 1 3 . Ballistic Cannon . | . . . Launcher . | . . . Special Weapon . | . . . Impact Weapon 1 | . 1 . Slashing Weapon . | . . . Piercing Weapon . | . . . Special Melee Weapon . | . . . Unidentified Prototypes . | . . . Parts Lost 6 | . 1 5 Power 2 | . 1 1 Propulsion 2 | . . 2 Utility . | . . . Weapon 2 | . . 2 Highest Loss Streak 5 | . 1 5 To Critical Strikes . | . . . Average Slot Usage (%) 98 | . 99 97 Engine 9 | . 14 5 Core 3 | . . 7 Leg 27 | . 28 27 Device 14 | . 14 14 Storage 13 | . 13 14 Energy Gun 3 | . 7 . Energy Cannon 8 | . 2 13 Ballistic Gun 13 | . 14 13 Impact Weapon 1 | . 3 . Naked Turns . | . . . Heaviest Build 33 | 7 31 33 Greatest Support 20 | 20 20 20 Greatest Overweight (x) 9 | . 1 9 Average Overweight (x) . | . . 1 Largest Inventory Capacity 15 | 5 15 15 Average Capacity 12 | 5 10 15 Most Carried 13 | 4 11 13 Average Carried 8 | 2 6 11 Final Capacity 15 | 5 15 15 Final Carried 12 | 4 10 12 Class Distribution -------------------- 67% | Scavenger-Mutant 32% | Mutant Dominant Class ---------------- Scavenger-Mutant | -10/Materials Scavenger-Mutant | -10/Mines Resources | -11 -10 -10 ----------- Run | Scr Mat Min Matter Collected 469 | 269 89 111 Remotely . | . . . Salvage Created 315 | 50 163 102 Parts 17 | 3 8 6 Haulers Intercepted . | . . . Recyclers Shooed . | . . . Parts Field Recycled . | . . . Retrieved Matter . | . . . Parts Self-Destructed . | . . . Prevented . | . . . Kills | -11 -10 -10 ------- Run | Scr Mat Min Combat Hostiles Destroyed 10 | 1 6 3 Guns 8 | 1 6 1 Cannons 2 | . . 2 Classes Destroyed 3 | 1 1 1 Swarmer 3 | . 3 . Grunt 6 | 1 3 2 Assembled 1 | . . 1 Best Kill Streak 5 | 1 5 2 Combat Bots Only 5 | 1 5 2 Max Kills in Single Turn 1 | 1 1 1 Gunslinging . | . . . Exploded . | . . . Melee . | . . . Uniques/NPCs Destroyed . | . . . Combat | -11 -10 -10 -------- Run | Scr Mat Min Damage Taken 1075 | 22 255 798 Core 251 | . 39 212 Absorbed by Shields . | . . . Core Remaining (%) 100 | 100 . . Volleys Fired 28 | 3 18 7 Largest 2 | 2 2 2 Hottest 91 | 60 70 91 Shots Fired 56 | 6 36 14 Gun 49 | 6 36 7 Cannon 7 | . . 7 Launcher . | . . . Special . | . . . Kinetic 28 | 3 18 7 Thermal 25 | . 18 7 Explosive . | . . . Electromagnetic 3 | 3 . . Robot Hit Streak 9 | 5 9 3 Robot Miss Streak 3 | 1 3 1 Penetration Max . | . . . Secondary Targets 1 | . 1 . Max Gunslinging Chain 1 | . 1 . Shots Hit Robots 31 | 5 18 8 Core Hits 17 | 2 9 6 Critical Kills . | . . . Critical Parts Destroyed . | . . . Critical Strikes . | . . . Melee Attacks . | . . . Impact . | . . . Slashing . | . . . Piercing . | . . . Sneak Attacks . | . . . Combat Hostiles . | . . . Follow-up Attacks . | . . . Damage Inflicted 529 | 65 279 185 Guns 404 | 65 279 60 Cannons 122 | . . 122 Explosions . | . . . Melee . | . . . Ramming 3 | . . 3 Kinetic 244 | 40 144 60 Thermal 257 | . 135 122 Explosive . | . . . Electromagnetic 25 | 25 . . Impact . | . . . Slashing . | . . . Piercing . | . . . Highest Corruption 3 | . 3 3 Average Corruption 2 | . 2 3 Corruption Purged . | . . . Corruption Blocked . | . . . Effects 15 | . 7 8 Message Errors 5 | . 2 3 Matter Fused 3 | . 2 1 Heat Flow Errors 1 | . . 1 Data Loss (minor) 6 | . 3 3 Overload Shots . | . . . Overflow Damage . | . . . Projectiles . | . . . Explosions . | . . . Melee . | . . . Knockbacks . | . . . Impact . | . . . Kinetic . | . . . Secondary . | . . . Self-Inflicted Damage . | . . . Shots . | . . . Rammed . | . . . Targets Rammed 1 | . . 1 Kicked 1 | . . 1 Crushed . | . . . Highest Temperature 196 | 12 . 196 Average Temperature 42 | 11 . 50 Received Heat Transfer 96 | 12 60 24 Siege Activations . | . . . Robots Corrupted . | . . . Combat Hostiles . | . . . Parts Fried . | . . . Impact Corruptions . | . . . Robots Melted . | . . . Combat Hostiles . | . . . Parts Melted . | . . . Heat Transferred 629 | . 407 222 Parts Sabotaged . | . . . Parts Stolen . | . . . Parts Stripped . | . . . Power Chain Reactions . | . . . Missiles Intercepted . | . . . Alert | -11 -10 -10 ------- Run | Scr Mat Min Peak Influence 180 | 20 180 50 Initial 13 | . 13 . Average 49 | 4 81 25 Maximum Alert Level . | . . . Low Security (%) 100 | 100 100 100 Level 1 . | . . . Level 2 . | . . . Level 3 . | . . . Level 4 . | . . . Level 5 . | . . . High Security . | . . . Max Security . | . . . Squads Dispatched 1 | . 1 . Investigation . | . . . Extermination . | . . . Reinforcement 1 | . 1 . Assault . | . . . Garrison . | . . . Intercept . | . . . Searches Triggered . | . . . Construction Impeded . | . . . Haulers Reinforced . | . . . Active Scanning Responses . | . . . Cargo Convoy Interrupts . | . . . Stealth | -11 -10 -10 --------- Run | Scr Mat Min Distress Signals . | . . . Communications Jammed . | . . . Distress Signals . | . . . Times Spotted 21 | 1 10 10 Peak Tracking Total 12 | 1 3 12 Tactical Retreats 2 | . 1 1 Traps | -11 -10 -10 ------- Run | Scr Mat Min Traps Triggered 3 | . 3 . Indirectly . | . . . Trap Hack Attempts . | . . . Triggered . | . . . Disarmed . | . . . Reprogrammed . | . . . Reused . | . . . Traps Extracted . | . . . Installed . | . . . Triggered . | . . . Machines | -11 -10 -10 ---------- Run | Scr Mat Min Machines Disabled . | . . . Max in Single Turn . | . . . Machines Sabotaged . | . . . Garrisons Compromised . | . . . Overloaded Fab Kills . | . . . Hacking | -11 -10 -10 --------- Run | Scr Mat Min Machines Accessed 1 | . 1 . Terminals 1 | . 1 . Fabricators . | . . . Repair Stations . | . . . Recycling Units . | . . . Scanalyzers . | . . . Garrison Access . | . . . Total Hacks 1 | . 1 . Successful 1 | . 1 . Failed . | . . . Catastrophic . | . . . Database Lockouts . | . . . Manual . | . . . Terminals 1 | . 1 . Fabricators . | . . . Repair Stations . | . . . Recycling Units . | . . . Scanalyzers . | . . . Garrison Access . | . . . Terminal Hacks 1 | . 1 . Locate Traps 1 | . 1 . Fabricator Hacks . | . . . Repair Station Hacks . | . . . Recycling Unit Hacks . | . . . Scanalyzer . | . . . Garrison Access Hacks . | . . . Unauthorized Hacks . | . . . Terminals . | . . . Fabricators . | . . . Repair Stations . | . . . Recycling Units . | . . . Scanalyzers . | . . . Garrison Access . | . . . Data Cores Recovered . | . . . Used . | . . . Hacking Detections . | . . . Full Trace Events . | . . . Feedback Events . | . . . Feedback Blocked . | . . . Robot Schematics Acquired . | . . . Robots Built . | . . . Authchips . | . . . Time . | . . . Total Robot Build Rating . | . . . Part Schematics Acquired . | . . . Parts Built . | . . . Authchips . | . . . Time . | . . . Total Part Build Rating . | . . . Parts Repaired . | . . . Time . | . . . Parts Recycled . | . . . Recycled Matter . | . . . Retrieved Matter . | . . . Retrieved Components . | . . . Parts Scanalyzed . | . . . Part Schematics Acquired . | . . . Parts Damaged . | . . . Bothacking | -11 -10 -10 ------------ Run | Scr Mat Min Used RIF Installer . | . . . Robots Hacked . | . . . Non-combat . | . . . Combat . | . . . Robot Hacks Applied . | . . . Relay Couplers Released . | . . . Fabnet Peak Effective % . | . . . Robots Rewired . | . . . Allies Hacked . | . . . Hacks Repelled . | . . . Allies | -11 -10 -10 -------- Run | Scr Mat Min Total Allies . | . . . Largest Group . | . . . Highest-Rated Group . | . . . Highest-Rated Ally . | . . . Total Orders . | . . . Ally Attacks . | . . . Total Damage . | . . . Kills . | . . . Allies Corrupted . | . . . Allies Melted . | . . . Intel | -11 -10 -10 ------- Run | Scr Mat Min Robot Analysis Total . | . . . Derelict Logs Recovered 1 | . . 1 Drone Launches . | . . . Drone Recoveries . | . . . Exploration | -11 -10 -10 ------------- Run | Scr Mat Min Turns Passed 1080 | 94 503 483 Spaces Moved 580 | 72 275 233 Core 23 | 20 . 3 Treads . | . . . Legs 557 | 52 275 230 Wheels . | . . . Hover . | . . . Flight . | . . . Fastest Speed 50 | 50 120 190 Average Speed 160 | 100 148 194 Slowest Speed 500 | 120 190 500 Overloaded Moves . | . . . Propulsion Burnouts . | . . . Robots Hopped . | . . . Cave-ins Triggered . | . . . Exploration Rate (%) 33 | 6 38 57 Regions Visited 2 Branch Regions 1 Pre-discovered Areas . | . . . Known Exits Taken . | . . . Unknown Exits Taken 2 | 1 1 . Scrap Searched 1 | . . 1 Spaces Dug . | . . . Terrain Destroyed . | . . . Melee . | . . . Projectile . | . . . AOE . | . . . Terrain Rammed . | . . . Walls Destroyed . | . . . Machines Disabled . | . . . Actions | -11 -10 -10 --------- Run | Scr Mat Min Total 668 | 85 331 252 Wait 17 | . 13 4 Move 578 | 71 274 233 Hop . | . . . Pick Up 16 | 5 10 1 Fast Attach 4 | 4 . . Attach 4 | 1 3 . Detach . | . . . Swap 14 | 1 9 4 Drop 6 | . 4 2 Fire 28 | 3 18 7 Melee . | . . . Ram . | . . . Kick 1 | . . 1 Crush . | . . . Escape Stasis . | . . . Rewire . | . . . Trap . | . . . Miscellaneous . | . . . Route ------- -11/Scrapyard -10/Materials (discovered 2 exits: [*Mat] / [*Min]) -10/Mines (discovered 1 exit: [*Mat]) History --------- Turn | Location | Event 2 | -11/Scrapyard | Met Revision 17 63 | -11/Scrapyard | Discovered new exit (range 8) 95 | -11/Scrapyard | Entered Materials 240 | -10/Materials | Discovered new exit (range 16) 327 | -10/Materials | Build established: Mutant 561 | -10/Materials | Discovered new exit (range 8) 598 | -10/Materials | Entered Mines 637 | -10/Mines | Build established: Scavenger-Mutant 686 | -10/Mines | Discovered new exit (range 13) 999 | -10/Mines | Assembled infested the area 1004 | -10/Mines | Assisted by a Guerilla fighting off Assembled 1071 | -10/Mines | Core integrity fell below 50% 1078 | -10/Mines | Core integrity fell below 20% 1081 | -10/Mines | Destroyed by as-03185 with Assembled Rifle Last Messages --------------- as-47332 destroyed. B4-H79(h) system corrupted by crushing effect. B4-H79(h) system terminally corrupted. as-72190 sneak attacks. T-07 Excavator system corrupted by crushing effect. T-07 Excavator knocked back. Knocked back. R-06 Scavenger destroyed. Knocked back. as-72190 destroyed. Lgt. Nuclear Core destroyed. Aluminum Leg destroyed. Knocked back. K-01 Serf collects debris. Aluminum Leg destroyed. Autogun destroyed. K-01 Serf collects debris. Knocked back. K-01 Serf collects debris. Particle Cannon destroyed. Map ----- +----------------------------------------------------+ | | | | | | | | | | | | | | | | | | | | | | | | | | | ?????????????????????????????????????????????????? | | ????????????????###??????????????????????????????? | | ?????????????#### #????####?????????????????????? | | ????????????## k ???## ##????????????????????? | | ###?????????# #?## #????????????????????? | | ##????????# ## #???????????########?? | | #????????# #??????####### #?? | | #####???????????# #??????# #?? | | #?#####?????## ##?????# ##### #?? | | ### ##?????# a #?????# #???# #?? | | ### ## #????## a #?????# #???# #?? | | #?# ## ###### a ####### #???# #?? | | #?# a @ #???# #?? | | #?# *%=% ##########???########?? | | #?##### #### #### ##?????????????????????? | | #????## ##??# #??# ##??????????????????????? | | ###????# ##???# #??# ##???????????????????????? | | ???????# #?#### #??# #????????????????????????? | | #??????# #?# #### #????????????????????????? | | #??????# #?# ## ##???????????????????????? | | #??????# ### ###### ##??????????????????????? | | #??????# ## #????## ####???????????????????? | | #?????## ##????### #???????????????????? | | #?????# ##?????## #???????????????????? | | #?????# ##?????#### #???????????????????? | | #?????# #????????# #???????????????????? | | #?????## ##???##??# ###?????????????????? | | #??????## #??## #?# ##????????????????? | | #???????## #??# ## #????????????????? | | #????????# ##??# #????????????????? | | ?????????# ##???## #????????????????? | | ?????????## #????## ##????????????????? | | ??????????## ##???# #?????????????????? | | ???????????# #???# %#?????????????????? | | ???????????# #???## #?????????????????? | | ???????????##! #????#### % #?????????????????? | | ????????????#! ###???????## % ##????????????????? | +----------------------------------------------------+ Best States ------------- Heat Dissipation 39 Energy Generation 14 Energy Capacity 160 Matter Stores 300 Matter Capacity 300 Sight Range 16 Terrain Scan Density 10 Evasion (%) 55 Item Schematics ----------------- None Robot Schematics ------------------ None Fabricated ------------ Nothing Alien Tech Used ----------------- None Achievements -------------- None Challenges ------------ None Game ------ Seed DeliveryArmoredCanceller Manual? 0 Play Time 00:18:20 Cumulative 5.2 hours Start 2022.09.17 @ 11:47:39 End 2022.09.17 @ 12:04:45 Sessions 1 Manual Loads 0 Difficulty Rogue Special Mode None Game No. 8 Rogue 8 Adventurer 0 Explorer 0 Win Type - Total 0 Types 0/0/0/0/0/0/0/0/0 Lore% 4 Gallery% 11 Achievement% 11 Wizard Run 0 Options --------- ASCII 0 Keyboard 0 Movement Mouse Keybinds 0 Fullscreen 1 Font 18/SmallcapsGlow Map View 76x50 Tactical HUD 0 Map Filters NONE Filters NONE Steam 1 RUN: 71c7e307-4c4a-485c-958c-4dda3f559c15